 Dungeon Crawl Stone Soup version 0.20-a0-1008-g0de3dc5 (console) character file.

814 vuev the Destroyer (level 7, 0/38 HPs)
             Began as a Deep Elf Conjurer on Apr 14, 2017.
             Slain by George's ghost (13 damage)
             ... on level 5 of the Dungeon.
             The game lasted 00:13:07 (5950 turns).

vuev the Destroyer (Deep Elf Conjurer)              Turns: 5950, Time: 00:13:07

Health: 0/38       AC:  2    Str:  5    XL:     7   Next: 62%
Magic:  7/20       EV: 13    Int: 22    God:
Gold:   151        SH:  2    Dex: 15    Spells: 10/21 levels left

rFire    . . .     SeeInvis .   s - +1 flail (protect)
rCold    . . .     Gourm    .   (no shield)
rNeg     . . .     Faith    .   a - +0 robe
rPois    .         Spirit   .   (no helmet)
rElec    .         Reflect  +   (no cloak)
rCorr    .         Harm     .   (no gloves)
MR       .....                  (no boots)
Stlth    ++........             i - +2 amulet of reflection
Regen    0.2/turn               (no ring)
MPRegen  0.2/turn               (no ring)

@: no status effects
A: no striking features
a: no special abilities


You were on level 5 of the Dungeon.
You were hungry.

You visited 1 branch of the dungeon, and saw 5 of its levels.

You collected 151 gold pieces.

Inventory:

Hand Weapons
 p - a +2 hand axe of freezing
 s - a +1 flail of protection (weapon)
Armour
 a - a +0 robe (worn)
Jewellery
 i - a +2 amulet of reflection (around neck)
Wands
 q - a wand of random effects (36/48)
Scrolls
 f - 4 scrolls of identify
 g - a scroll of immolation {unknown}
 k - a scroll of teleportation
 m - a scroll of fog {unknown}
 n - a scroll of enchant weapon {unknown}
 o - a scroll of blinking {unknown}
 t - a scroll of fear {unknown}
Potions
 e - 3 potions of brilliance
 h - a potion of invisibility {unknown}
 l - 5 potions of heal wounds {unknown}
 r - a potion of flight {unknown}
Books
 b - a book of Conjurations

   Spells                             Type                      Level
   a - Magic Dart                     Conjuration                  1
   b - Searing Ray                    Conjuration                  2
   c - Dazzling Spray                 Conjuration/Hexes            3
   d - Fulminant Prism                Conjuration/Hexes            4
   e - Force Lance                    Conjuration/Translocation    4
   f - Iskenderun's Mystic Blast      Conjuration                  4
Comestibles
 c - 3 bread rations
 d - a royal jelly
 j - 3 meat rations
 u - 3 chunks of flesh


   Skills:
 + Level 1.0 Fighting
 + Level 2.9 Dodging
 - Level 2.4 Stealth
 + Level 7.6 Spellcasting
 + Level 8.2 Conjurations


You had 10 spell levels left.
You knew the following spells:

 Your Spells              Type           Power        Failure   Level  Hunger
a - Magic Dart            Conj           ####         1%          1    None
e - Iskenderun's Mystic   Conj           #####...     2%          4    ###....
f - Force Lance           Conj/Tloc      ####....     14%         4    ###....
r - Searing Ray           Conj           #####.       1%          2    None


Dungeon Overview and Level Annotations

Branches:
Dungeon (5/15)
 Temple: D:4-7

Altars:
Ashenzari
Dithmenos
Elyvilon
Fedhas
Hepliaklqana
Uskayaw
Xom
The Shining One

Annotations:
D:5 George's ghost, novice DsGl


Message History

Press: ? - help, Shift-Dir - straight line, f/p - George's ghost
Aim: George's ghost (heavily damaged)
The orb of energy hits George's ghost.
George's ghost is heavily damaged.
The orb of energy explodes!
You are feeling hungry.
You block George's ghost's attack.
Casting: Iskenderun's Mystic Blast
Confirm with . or Enter, or press ? or * to list all spells.
Aiming: Iskenderun's Mystic Blast
Press: ? - help, Shift-Dir - straight line, f/p - George's ghost
Aim: George's ghost (heavily damaged)
The orb of energy hits George's ghost.
George's ghost is severely damaged.
The orb of energy explodes!
George's ghost hits you.
* * * LOW HITPOINT WARNING * * *
George's ghost says, "Live by the sword, die by the sword."
There is a stone staircase leading up here.
George's ghost hits you!
You die...

#.......# #.......#
#.......# #.......######
............##
...........(...
#..#......##..
#@W....##.##.# #
#...#........# ##
...##....####.##.# #.
#............#.##.# #.
#...##.......#.##.# #.
.........##..#.##.####.
....#.#..รท)))..........
#. ..
....#....##..####.####.
#.# .. ....#.#..##..##
#......


You could see George's ghost.

Vanquished Creatures
  Duvessa (D:4)
  An ogre (D:4)
  A gnoll sergeant (D:5)
  A scorpion (D:4)
  Dowan (D:4)
  A crimson imp (D:4)
  A hound (D:4)
  A centaur skeleton (D:5)
  2 orc wizards
  Ijyb (D:3)
  Terence (D:2)
  2 worker ants
  2 hound skeletons (D:4)
  4 gnolls (D:5)
  7 adders
  5 worms
  A dart slug (D:2)
  A leopard gecko (D:2)
  13 orcs
  3 ball pythons
  3 giant cockroaches
  3 hobgoblins
  2 jackals (D:5)
  A quokka (D:2)
  6 bats
  7 frilled lizards
  A giant cockroach zombie (D:5)
  7 goblins
  7 kobolds
  8 rats
95 creatures vanquished.

Notes
Turn   | Place    | Note
-------+----------+-------------------------------------------
     0 | D:1      | vuev the Deep Elf Conjurer began the quest for the Orb.
     0 | D:1      | Reached XP level 1. HP: 10/10 MP: 6/6
   589 | D:2      | Reached XP level 2. HP: 15/15 MP: 2/8
   596 | D:2      | Learned a level 2 spell: Searing Ray
   745 | D:2      | Found a hazy altar of Hepliaklqana.
   800 | D:2      | Reached skill level 5 in Conjurations
  1236 | D:2      | Reached XP level 3. HP: 19/19 MP: 7/9
  1299 | D:2      | Noticed Terence
  1318 | D:2      | Killed Terence
  1715 | D:3      | Noticed Ijyb
  1775 | D:3      | Killed Ijyb
  1775 | D:3      | Reached skill level 6 in Conjurations
  1775 | D:3      | Reached XP level 4. HP: 5/24 MP: 3/12
  2020 | D:3      | Learned a level 4 spell: Iskenderun's Mystic Blast
  2299 | D:3      | Found a shattered altar of Ashenzari.
  2317 | D:3      | Found a shadowy altar of Dithmenos.
  2377 | D:3      | Reached XP level 5. HP: 28/28 MP: 5/13
  2951 | D:4      | Found a shimmering altar of Xom.
  3099 | D:4      | Reached skill level 7 in Conjurations
  3141 | D:4      | Reached skill level 5 in Spellcasting
  3397 | D:4      | Reached XP level 6. HP: 32/32 MP: 12/15
  3636 | D:4      | Found a glowing golden altar of the Shining One.
  3857 | D:4      | Found a blossoming altar of Fedhas.
  3872 | D:4      | Noticed Duvessa
  4400 | D:4      | Reached XP level 7. HP: 17/36 MP: 10/18
  4563 | D:4      | Learned a level 4 spell: Force Lance
  4605 | D:4      | Noticed Dowan
  4610 | D:4      | Killed Dowan
  4921 | D:5      | Entered Level 5 of the Dungeon
  5106 | D:5      | Noticed George's ghost (novice DsGl)
  5158 | D:4      | HP: 1/36 [orc/flail (7)]
  5416 | D:4      | Killed Duvessa
  5416 | D:4      | Reached skill level 8 in Conjurations
  5771 | D:5      | Reached skill level 1 in Fighting
  5899 | D:5      | Found a hide-covered altar of Uskayaw.
  5912 | D:5      | Found a white marble altar of Elyvilon.
  5950 | D:5      | Slain by George's ghost

Vault maps used:
D:1:      dpeg_arrival_tiny_c
D:2:      old_standard_altar, uniq_terence
D:3:      ashenzari_altar_1, first_bread, grunt_dithmenos_smoke_and_mirrors,
          uniq_iyjb
D:4:      tso_metal_star, fedhas_altar_2, xom_teletrap_fun, uniq_duvessa
D:5:      grunt_qazlal_clouds, marbit_many_paths, kennysheep_little_box,
          nicolae_overflow_crystal_walls

Skill      XL: |  1  2  3  4  5  6  7 |
---------------+----------------------+-----
Conjurations   | 5 6 7 8 |  8.2
Spellcasting   | 4 5 6 7 |  7.6
Fighting       | 1 |  1.0
Dodging        | |  2.9
Stealth        | |  2.4

Action                   |  1- 3 |  4- 6 |  7- 9 || total
-------------------------+-------+-------+-------++-------
Melee: Flail             |       |     1 |       ||     1
 Cast: Magic Dart        |    47 |    38 |     9 ||    94
       Searing Ray       |     7 |    36 |    16 ||    59
       Iskenderun's Myst |       |     1 |    12 ||    13
  Use: Scroll            |       |     4 |     1 ||     5
  Eat: Chunk             |     3 |     8 |     5 ||    16
Armor: Robe              |       |     2 |       ||     2
Dodge: Dodged            |     9 |    13 |    13 ||    35
Block: Other             |     1 |       |     3 ||     4
